 Dungeon Crawl Stone Soup version 0.28.0-47-ge53b351184 (webtiles) character file.

Game seed: 218873989666144357

1788 issech the Cudgeller (level 8, -14/71 HPs)
             Began as a Troll Fighter on May 5, 2022.
             Was a Believer of Hepliaklqana.
             Demolished by Harold
             ... wielding a +0 glaive
              (23 damage)
             ... on level 7 of the Dungeon.
             The game lasted 00:16:47 (4766 turns).

issech the Cudgeller (Troll Fighter)                Turns: 4766, Time: 00:16:49

Health: -14/71     AC:  6    Str: 32    XL:     8   Next: 82%
Magic:  0/7        EV:  5    Int:  4    God:    Hepliaklqana [**....]
Gold:   256        SH:  0    Dex: 11    Spells: 7/7 levels left

rFire   + . .      SeeInvis .   G - +0 morningstar
rCold   x . .      Faith    .   c - +0 kite shield
rNeg    . . .      Spirit   +   y - +2 robe "Hele" {Str+7}
rPois   .          Reflect  .   (helmet restricted)
rElec   .          Harm     .   (no cloak)
rCorr   .          Rampage  .   (gloves unavailable)
Will    +....                   (boots unavailable)
Stlth   +.........              I - amulet of guardian spirit
HPRegen 1.01/turn               k - ring of fire
MPRegen 0.10/turn               F - ring of willpower

@: held
A: reduced essence, large, unfitting armour, claws 3, regeneration 1, shaggy fur
1, tough skin 1
a: Renounce Religion, Recall Ancestor, Ancestor Identity


You were on level 7 of the Dungeon.
You worshipped Hepliaklqana.
Hepliaklqana was pleased with you.
You visited 2 branches of the dungeon, and saw 8 of its levels.

You collected 282 gold pieces.
You spent 26 gold pieces at shops.

Inventory:

Hand Weapons
 a - a +0 flail
 b - a +0 giant spiked club
 s - a +0 mace
 t - a +0 hunting sling
 G - a +0 morningstar (weapon)
 J - a +0 quick blade
Missiles
 f - 91 stones
 l - 54 arrows
 u - 44 bolts
 C - 23 sling bullets
 H - 4 boomerangs (quivered)
Armour
 c - a +0 kite shield (worn)
 x - an orb of energy
 y - the +2 robe "Hele" (worn) {Str+7}
   (You found it on level 4 of the Dungeon)

   Str:       It affects your strength (+7).
 B - a +2 robe of the Archmagi
Jewellery
 k - a ring of fire (left claw)
 F - a ring of willpower (right claw)
 I - an amulet of guardian spirit (around neck)
Wands
 A - a wand of flame (16)
Scrolls
 e - 2 scrolls of teleportation
 g - a scroll of silence
 j - a scroll of blinking
 o - 2 scrolls of vulnerability
 p - a scroll of magic mapping
 r - 2 scrolls of fog
 v - 2 scrolls of enchant armour
 w - 3 scrolls of amnesia {unknown}
 D - 2 scrolls of brand weapon {unknown}
 L - a scroll of noise {unknown}
Potions
 d - a potion of might
 h - 3 potions of curing {unknown}
 i - 3 potions of attraction {unknown}
 m - a potion of invisibility {unknown}
 n - a potion of resistance {unknown}
 q - a potion of flight {unknown}
 z - 2 potions of degeneration {unknown}
 E - 2 potions of mutation {unknown}
 K - a potion of magic {unknown}
 M - a potion of lignification {unknown}


   Skills:
 + Level 4.6 Fighting
 + Level 6.8 Maces & Flails
 + Level 1.8 Throwing
 + Level 4.9 Dodging
 + Level 0.9 Stealth
 + Level 4.4 Shields


You had 7 spell levels left.
You didn't know any spells.
Your spell library contained the following spells:

 Spells                   Type           Power      Damage    Failure   Level
 Ignite Poison            Fire/Tmut/Pois 0%         N/A       98%         3
 Mephitic Cloud           Conj/Pois/Air  0%         N/A       98%         3
 Airstrike                Air            0%         N/A       100%        4
 Summon Lightning Spire   Summ/Air       0%         N/A       100%        4
 Freezing Cloud           Conj/Ice/Air   0%         6-21      100%        5
 Lightning Bolt           Conj/Air       0%         1d11      100%        5


Dungeon Overview and Level Annotations

Branches:
Dungeon (7/15)             Temple (1/1) D:4

Altars:
Ashenzari
Cheibriados
Dithmenos
Elyvilon
Fedhas
Gozag
Hepliaklqana
Kikubaaqudgha
Makhleb
Nemelex Xobeh
Okawaru
Qazlal
Ru
Sif Muna
Trog
Uskayaw
Vehumet
Wu Jian
Xom
Yredelemnul
Zin
The Shining One

Shops:
D:5 ?

Annotations:
D:7 Harold


Innate Abilities, Weirdness & Mutations

Your life essence is reduced to manifest your ancestor. (-10% HP)
You are too large for most types of armour.
You have claws for hands.
Your natural rate of healing is unusually fast.
You are covered in fur. (AC +1)
You have tough skin. (AC +1)


Message History

You closely miss the hound.
The hound is severely wounded.
You block the hound's attack. The hound barely misses you.
You puncture the hound!
You kill the hound!
No target in view!
You may now remember your ancestor's life.
Harold the Weathered comes into view.
He is wielding a +0 glaive.
Found 14 gold pieces.
You see here a scroll of fog.
r - 2 scrolls of fog (gained 1) Are you sure you want to remember your ancestor as a battlemage?
It is so.
Harold throws a throwing net.
The throwing net hits you.
You become entangled in the net!
You tear a large gash into the net.
You struggle against the net.
Harold hits you from afar with a +0 glaive.
You shred the net and break free!
Harold throws a throwing net.
The throwing net closely misses you.
Harold hits you from afar with a +0 glaive!
You block Harold's attack.
You impale Harold!!
Harold is moderately wounded.
Harold hits you with a +0 glaive!!
You barely miss Harold.
Harold is moderately wounded.
Harold hits you with a +0 glaive!!
Rabi casts a spell at Harold.
The puff of frost hits Harold!
Harold hits you with a +0 glaive!!
* * * LOW HITPOINT WARNING * * *
Harold throws a throwing net.
The throwing net barely misses Rabi.
The throwing net hits you.
You become entangled in the net!
Things that are here:
a throwing net; a throwing net You struggle against the net.
Rabi gestures at Harold while chanting.
The puff of frost hits Harold.
Harold hits you from afar with a +0 glaive!!
You die...

... ..$ #.# #.#
#.# ## #.# # #.#
#@# # ####.
#.###R#.#####
....###..@........
#..#.#####.#####
#.#.## .# #. #.#.#
# #.##
###.#.######.#
##...
..#.#.........
....#
#.#.#.######.#
###.# #.#.#.# #.#
#.#.#.#


You could see the friendly Rabi the battlemage and Harold (ally target).

Vanquished Creatures
  Sigmund (D:3)
  A water moccasin (D:7)
  A black bear (D:5)
  An ice beast (D:6)
  A necrophage (D:4)
  3 ogres
  A scorpion (D:5)
  A water moccasin skeleton (D:6)
  A bullfrog zombie (D:5)
  4 hounds
  A jelly (D:5)
  2 orc priests
  A bullfrog skeleton (D:6)
  An orc wizard (D:4)
  2 hound skeletons (D:4)
  5 adders
  2 white imps
  2 worms
  3 dart slugs
  11 orcs
  4 endoplasms
  6 goblins
  4 hobgoblins
  7 jackals (D:1)
  4 quokkas
  3 ball pythons
  3 bats
  4 frilled lizards
  5 kobolds
  7 rats
92 creatures vanquished.

Vanquished Creatures (collateral kills)
  Prince Ribbit (D:6)
  A sky beast (D:6)
  A bullfrog (D:6)
  A centaur zombie (D:6)
  A jelly (D:6)
  A killer bee zombie (D:6)
  An orc (D:6)
7 creatures vanquished.

Vanquished Creatures (others)
  An ancestor (D:6)
  An orc (D:3)
  2 plants (D:6)
4 creatures vanquished.

Grand Total: 103 creatures vanquished

Notes
Turn   | Place    | Note
-------+----------+-------------------------------------------
     0 | D:1      | issech the Troll Fighter began the quest for the Orb.
     0 | D:1      | Reached XP level 1. HP: 22/22 MP: 0/0
    89 | D:1      | Reached XP level 2. HP: 29/29 MP: 1/1
   142 | D:1      | Reached skill level 2 in Maces & Flails
   168 | D:1      | Found a faded altar of an unknown god.
   307 | D:1      | You fall into a shaft and drop 1 floor!
   362 | D:2      | Reached XP level 3. HP: 36/36 MP: 2/2
   602 | D:2      | Found a shimmering altar of Xom.
  1257 | D:3      | Reached skill level 3 in Maces & Flails
  1257 | D:3      | Reached XP level 4. HP: 32/44 MP: 3/3
  1402 | D:3      | Noticed Sigmund
  1498 | D:4      | Reached XP level 5. HP: 20/50 MP: 4/4
  1714 | D:4      | Noticed a necrophage
  1727 | D:4      | Killed a necrophage
  1728 | D:4      | Reached skill level 4 in Maces & Flails
  1728 | D:4      | Reached XP level 6. HP: 48/61 MP: 5/5
  1850 | D:4      | Found an ancient bone altar of Kikubaaqudgha.
  1855 | D:4      | Found a staircase to the Ecumenical Temple.
  1863 | Temple   | Entered the Ecumenical Temple
  2186 | Temple   | Became a worshipper of Hepliaklqana the Forgotten
  2264 | D:4      | Identified the +2 robe "Hele" {Str+7}
  2549 | D:3      | Killed Sigmund
  2550 | D:3      | Reached XP level 7. HP: 32/67 MP: 6/6
  2976 | D:5      | Entered Level 5 of the Dungeon
  3006 | D:5      | Reached skill level 5 in Maces & Flails
  3428 | D:5      | Found Waock's Magic Scroll Emporium.
  3481 | D:5      | Bought a scroll of identify for 26 gold pieces
  3544 | D:5      | Reached * piety under Hepliaklqana
  3896 | D:6      | Reached XP level 8. HP: 52/70 MP: 5/7
  3984 | D:6      | Noticed Prince Ribbit
  3997 | D:6      | Killed Prince Ribbit
  3998 | D:6      | Reached skill level 6 in Maces & Flails
  4061 | D:6      | Reached skill level 1 in Throwing
  4754 | D:7      | Reached ** piety under Hepliaklqana
  4755 | D:7      | Noticed Harold
  4757 | D:7      | Remembered your ancestor Rabi as a battlemage
  4766 | D:7      | Demolished by Harold

Illustrated notes

Levels and vault maps discovered:
D:1:      lightli_arrival_chessboard, layout_rooms,
          shapermc_ecumenical_altar_starsandcircs
D:2:      layout_loops_ring, basic_altar, minmay_hedge_maze
D:3:      layout_loops_cross, uniq_sigmund
D:4:      nicolae_cairo_tiling_large_dashed, layout_basic,
          general_overflow_altar
D:5:      layout_basic, serial_shops, nicolae_shop_crystal
D:6:      layout_basic, serial_bayou_pond_c, uniq_prince_ribbit1
D:7:      layout_loops_ring, uniq_harold
Temple:   compressed_dpeg_triangle_lava_temple

Skill      XL: |  1  2  3  4  5  6  7  8 |
---------------+-------------------------+-----
Maces & Flails | 2 3 4 5 6 |  6.8
Dodging        | 3 4 |  4.9
Fighting       | 3 4 |  4.6
Shields        | 3 4 |  4.4
Throwing       | 1 |  1.8
Stealth        | |  0.9

Action                   |  1- 3 |  4- 6 |  7- 9 || total
-------------------------+-------+-------+-------++-------
Melee: Flail             |   148 |   109 |    34 ||   291
       Morningstar       |       |       |    76 ||    76
Throw: Stone             |     3 |     6 |       ||     9
       Boomerang         |       |       |    23 ||    23
Invok: Ancestor Life: Ba |       |       |     1 ||     1
  Use: Scroll            |       |       |     7 ||     7
 Stab: Sleeping          |     1 |       |       ||     1
Armor: Robe              |    70 |    31 |    43 ||   144
Dodge: Dodged            |    66 |    55 |    46 ||   167
Block: Kite shield       |    84 |    49 |    52 ||   185
